[Event "Slovakian-ch Youth 2022"]
[Site "Lubovna"]
[Date "2022.05.25"]
[Round "6.4"]
[White "Stevik, Patrik"]
[Black "Zdrazil, Patrik"]
[Result "0-1"]
[ECO "E60"]
[WhiteElo "2249"]
[BlackElo "1997"]
[Annotator "TA"]
[PlyCount "138"]
[EventDate "2022.05.22"]
[EventCountry "SVK"]
[SourceTitle "playchess.com"]
[Source "ChessBase"]
[SourceQuality "1"]
[TimeControl "40/5400+30:1800+30"]

1. Nf3 Nf6 2. g3 g6 3. b3 Bg7 4. Bb2 O-O 5. Bg2 c5 6. c4 d6 7. d4 Nc6 {[%emt 0:00:38] 7...Ne4 is the modern continuation.} 8. d5 {[%emt 0:00:37] E60: King's Indian: Unusual lines and Fianchetto Variation without Nc3.} Na5 9. O-O a6 10. Nbd2 {[%emt 0:00:13] [#] White is slightly better.} Re8 $146 ({Predecessor:} 10... b5 11. e4 Rb8 12. Bc3 Bg4 13. Qc2 Bxf3 14. Bxf3 bxc4 15. bxc4 Nd7 16. Be2 Bxc3 17. Qxc3 {1-0 (32) Dreev,A (2649)-Seliverstov,V (2462) Moscow 2018}) 11. Re1 b5 12. Qc2 Rb8 13. Bc3 b4 14. Bb2 e5 15. dxe6 fxe6 16. Rad1 Qc7 17. Ng5 Rb6 18. Nde4 Nxe4 19. Bxe4 Bxb2 20. Qxb2 Qg7 21. Qc2 Nb7 22. h4 Nd8 23. h5 Nf7 24. Nxh7 gxh5 $11 {[%emt 0:01:46] Threatens to win with ...Bb7.} (24... Qxh7 $2 25. hxg6 Qg7 26. gxf7+ Kxf7 27. Kg2 $18) 25. Bg6 $2 (25. Qc1 $11 d5 26. cxd5 exd5 27. Qxc5 dxe4 28. Qxb6 Qxh7 29. Rd5) 25... Re7 $19 26. Qb1 Nh8 27. Bc2 Qh6 (27... e5 $1 $19 {And now ...h4 would win.} 28. Rd5 Bb7) 28. Qb2 (28. f3 $142) 28... e5 $1 $17 (28... Rxh7 29. Bxh7+ Kxh7 30. f3 $17) 29. Qc1 Qxc1 ({Not} 29... Rxh7 30. Bxh7+ Kxh7 31. Qxh6+ Kxh6 32. f3 $17) 30. Rxc1 Rxh7 31. Bxh7+ Kxh7 32. Kg2 (32. f3 {might work better.}) 32... Kg6 $19 33. Rh1 Rb8 34. Rh4 Bb7+ 35. f3 Nf7 36. Rch1 e4 $1 (36... Rh8 37. g4 $15) 37. Rxh5 Ng5 38. Rh8 exf3+ 39. exf3 (39. Kf2 $17 Rxh8 40. Rxh8) 39... Bxf3+ 40. Kf2 Rb7 ({Worse is} 40... Bxh1 41. Rxb8 Kf5 42. Rb6 $17) 41. Rg8+ Rg7 42. Rhh8 Be4 $1 43. Ke3 Bb1 $1 44. Rxg7+ $2 (44. Kd2 {nothing else works.}) 44... Kxg7 45. Rh2 Ne4 {[%emt 0:05:38] Prevents Rd2. aiming for ...a5.} 46. g4 (46. Rh4 $142 Nc3 47. Kd2) 46... a5 47. g5 Nxg5 {[%emt 0:10:10] Hoping for ...Ne4.} 48. Rb2 Bf5 49. Rd2 Nf7 50. Rg2+ Kf6 51. Kd2 Bd7 52. a3 (52. Rh2 $142 Bf5 53. Rh5) 52... bxa3 53. Kc3 Ne5 54. Ra2 a4 55. b4 cxb4+ 56. Kxb4 {[%emt 0:00:08] [#]} Nxc4 $1 57. Rf2+ (57. Ra1 d5) 57... Ke5 {[%emt 0:00:30][%cal Od7f5] White must now prevent ...Bf5!} 58. Kxc4 {[%emt 0:00:08][%mdl 4096] Endgame KR-KB} a2 $1 {[%emt 0:00:12] Black mates.} ({Stronger than} 58... Be6+ 59. Kc3 $19) 59. Re2+ Kf4 60. Re1 {[%emt 0:00:05] [#]} Bf5 $1 61. Kc3 {[%emt 0:00:35] [#]} a3 $1 62. Ra1 Bb1 63. Kd2 Ke4 64. Ke2 Kd4 65. Kd2 Kc4 66. Kd1 Kc3 67. Kc1 Kb3 68. Kd2 Kb2 69. Kd1 Kxa1 {[%emt 0:00:16] Weighted Error Value: White=0.40/Black=0.15 (very precise)} 0-1

[Event "Slovakian-ch Youth 2022"]
[Site "Lubovna"]
[Date "2022.05.25"]
[Round "6.4"]
[White "Smetana, Peter"]
[Black "Polomsky, Tomas"]
[Result "1-0"]
[ECO "B24"]
[WhiteElo "1740"]
[BlackElo "1467"]
[Annotator "NA RC COMBH"]
[PlyCount "231"]
[EventDate "2022.05.22"]
[EventCountry "SVK"]
[SourceTitle "playchess.com"]
[Source "ChessBase"]
[SourceQuality "1"]
[TimeControl "40/5400+30:1800+30"]

1. e4 c5 2. Nc3 Nc6 3. Bb5 Nd4 4. Bc4 d6 5. Nge2 Nf6 6. O-O Be6 7. Bxe6 Nxe6 8. d3 g6 9. f4 Bg7 10. h3 Qd7 11. Kh1 h5 12. Be3 Qc6 13. f5 gxf5 14. Rxf5 Nc7 15. Bg5 O-O-O 16. Nf4 Rde8 17. Bxf6 Bxf6 18. Nxh5 Bxc3 19. bxc3 f6 20. c4 Ne6 21. Rf2 Qd7 22. Ng3 Ng5 23. Nf5 e6 24. Ng3 Qh7 25. Qf1 Reg8 26. Ne2 Qh5 27. Ng1 Nh7 28. Rf3 Qe5 29. Rb1 Rg6 30. Ne2 Ng5 31. Rf2 Rgh6 32. Ng1 f5 33. exf5 Qg3 34. Qe2 exf5 35. Rb3 Qh4 36. Nf3 Qg3 37. Nxg5 Qxg5 38. Rb1 f4 39. Qf3 R8h7 40. Re1 Qf5 41. Qxf4 Qd7 42. Qf5 Qxf5 43. Rxf5 Rg6 44. Kh2 Rhg7 45. g4 Kd7 46. Kg3 a6 47. a4 Kc6 48. a5 b6 49. axb6 Kxb6 50. Rb1+ Kc6 51. Ra1 Kb6 52. Rf4 Re6 53. Rb1+ Kc6 54. Rf8 Re3+ 55. Kf4 Rxh3 56. Rc8+ Rc7 57. Ra8 Rf7+ 58. Ke4 Re7+ 59. Kf5 Rf3+ 60. Kg6 Re6+ 61. Kh5 Rh3+ 62. Kg5 Re5+ 63. Kf4 Re2 64. Rxa6+ Kd7 65. Rbb6 Rf2+ 66. Kg5 Rxc2 67. Rxd6+ Ke7 68. Rd5 Rg2 69. Rxc5 Rxd3 70. Rd5 Rc3 71. Rd4 Rgc2 72. Rc6 Rc1 73. Kg6 Rg1 74. g5 Rcg3 75. Rd5 Rg4 76. c5 R1g2 77. Rf5 Kd7 78. Rd6+ Kc7 79. Rf7+ Kc8 80. Rd5 R2g3 81. c6 Rc3 82. c7 Rxc7 83. Rxc7+ Kxc7 84. Kf6 Kc6 85. Rd2 Rf4+ 86. Kg7 Rg4 87. g6 Rg1 88. Kf7 Rf1+ 89. Kg8 Rg1 90. g7 Rf1 91. Rh2 Kd6 92. Kh8 Rg1 93. g8=Q Rxg8+ 94. Kxg8 Ke5 95. Rh6 Kd5 96. Kf7 Ke5 97. Re6+ Kd5 98. Kf6 Kd4 99. Kf5 Kd5 100. Re1 Kd4 101. Re8 Kd5 102. Rd8+ Kc6 103. Ke6 Kc7 104. Rd6 Kb7 105. Kd5 Kc7 106. Rh6 Kb7 107. Kc5 Ka7 108. Kb5 Kb7 109. Rh7+ Kc8 110. Kc6 Kd8 111. Ra7 Ke8 112. Kd6 Kf8 113. Ke6 Kg8 114. Kf6 Kh8 115. Kg6 Kg8 116. Ra8# 1-0

[Event "Slovakian-ch Youth 2022"]
[Site "Lubovna"]
[Date "2022.05.25"]
[Round "6.5"]
[White "Rucek, Kristian"]
[Black "Nadzamova, Viktoria"]
[Result "1-0"]
[ECO "A77"]
[WhiteElo "2128"]
[BlackElo "2135"]
[Annotator "TA"]
[PlyCount "43"]
[EventDate "2022.05.22"]
[EventCountry "SVK"]
[SourceTitle "playchess.com"]
[Source "ChessBase"]
[SourceQuality "1"]
[TimeControl "40/5400+30:1800+30"]

1. d4 Nf6 2. c4 c5 3. d5 e6 4. Nc3 exd5 5. cxd5 d6 6. Nf3 g6 7. Nd2 Bg7 8. e4 O-O 9. Be2 Re8 10. O-O Nbd7 11. a4 a6 12. Ra3 Rb8 13. a5 {[%emt 0:02:25] A77: Modern Benoni: Classical: 9...Re8 10 Nd2: 10...a6 and 10...Nbd7.} h6 14. Re1 g5 15. Qc2 {[%emt 0:00:58] White is slightly better.} Ne5 16. Nf1 Ng6 17. Ng3 {[%emt 0:02:49] [#]} Nh4 $146 ({Black should try} 17... Nf4 $14) ({Predecessor:} 17... Nf4 18. Bd2 Ng4 19. Bxg4 Bxg4 20. Nd1 b5 21. axb6 Bxd1 22. Qxd1 Qxb6 23. Bxf4 gxf4 {1-0 (33) Khismatullin,D (2664)-Yuffa,D (2345) Tiumen 2012}) 18. Nd1 $16 Qe7 {[%emt 0:04:47][%cal Rf6e4] [#]} 19. Bc4 (19. Bd2 $1 $16) 19... Bh3 $2 20. gxh3 $18 {[%emt 0:05:20] White is clearly winning.} Nf3+ (20... Nh7 $142 21. Rf1 Nf8) 21. Rxf3 g4 22. Nf5 {[%emt 0:02:02] Weighted Error Value: White=0.20 (precise) /Black=0.90} 1-0

[Event "Slovakian-ch Youth 2022"]
[Site "Lubovna"]
[Date "2022.05.25"]
[Round "6.5"]
[White "Buda, Alexander"]
[Black "Toth, Mihaly"]
[Result "0-1"]
[ECO "B27"]
[WhiteElo "1744"]
[BlackElo "1909"]
[Annotator "TA"]
[PlyCount "108"]
[EventDate "2022.05.22"]
[EventCountry "SVK"]
[SourceTitle "playchess.com"]
[Source "ChessBase"]
[SourceQuality "1"]
[TimeControl "40/5400+30:1800+30"]

1. e4 c5 2. Nf3 g6 3. d4 cxd4 4. Nxd4 Bg7 5. Nc3 e6 $2 {[#]} (5... Nc6 $11 6. Be3 d6) 6. Be3 $2 {[%emt 0:02:41] B27: Sicilian: 2 Nf3, unusual Black 2nd moves.} ({White must play} 6. Ndb5 $1 $18) 6... Ne7 $14 7. Bc4 ({White should try} 7. Ndb5 $16) 7... O-O 8. O-O {White is slightly better.} d5 9. exd5 exd5 10. Bb3 {[%emt 0:00:27] [#]} Bd7 $146 ({Predecessor:} 10... Nbc6 11. Qd2 Re8 12. Rad1 Be6 13. Nde2 Qd7 14. Nxd5 Nxd5 15. Bxd5 Bxb2 16. c3 Ba3 {1-0 (29) Ozates,M (1681)-Keskec,Y Antalya 2013}) 11. Nxd5 Nbc6 (11... Nxd5 $16 {was called for.} 12. Bxd5 Nc6) 12. c3 ({White should play} 12. Bg5 $18 {aiming for Nxc6.} Bxd4 13. Nxe7+ Nxe7 14. Qxd4) 12... Na5 (12... Nxd5 $16 {is more resistant.} 13. Bxd5 Nxd4) 13. Bc2 $4 Nxd5 $19 14. Bd2 Ne7 15. Nb3 Nxb3 16. Bxb3 Qc7 17. Bf4 Qc8 ({Don't blunder} 17... Qxf4 $2 18. Qxd7 Nc6 19. Qxb7 $19) 18. Re1 Re8 19. Qf3 Bc6 20. Qd3 Qf5 21. Qxf5 Nxf5 22. g4 Rxe1+ 23. Rxe1 Nh4 24. Re3 $2 (24. Rd1) 24... Re8 25. Rxe8+ Bxe8 26. Bd1 Bc6 27. c4 $2 (27. Kf1 {might work better.}) 27... Bxb2 28. Kf1 b5 29. cxb5 Bxb5+ 30. Kg1 f5 31. Bg5 {[%emt 0:00:34] [#]} h6 $1 32. Bxh6 fxg4 33. Bb3+ Kh7 34. Be3 Nf3+ 35. Kh1 Bc6 36. Bxa7 Bd4 37. Bxd4 Nxd4+ {[%emt 0:00:26] Black mates.} 38. Kg1 Nxb3 39. axb3 {[%emt 0:00:06] KB-K3P} Kg7 40. Kf1 Bd5 41. b4 Kf6 42. Kg1 Kf5 43. b5 Kf4 44. b6 Kf3 45. b7 Bxb7 46. h3 gxh3 47. Kh1 Kxf2+ 48. Kh2 Bc8 49. Kh1 g5 50. Kh2 g4 51. Kh1 Bd7 52. Kh2 g3+ 53. Kh1 g2+ 54. Kh2 g1=Q# {[%emt 0:00:08] Weighted Error Value: White=0.72/Black=0.62} 0-1

[Event "Slovakian-ch Youth 2022"]
[Site "Lubovna"]
[Date "2022.05.25"]
[Round "6.5"]
[White "Demjan, David"]
[Black "Benci, Jozef"]
[Result "0-1"]
[ECO "D00"]
[WhiteElo "1375"]
[BlackElo "1873"]
[Annotator "NA RC COMBH"]
[PlyCount "50"]
[EventDate "2022.05.22"]
[EventCountry "SVK"]
[SourceTitle "playchess.com"]
[Source "ChessBase"]
[SourceQuality "1"]
[TimeControl "40/5400+30:1800+30"]

1. d4 d5 2. Bf4 Nf6 3. Nc3 g6 4. Qd2 Bg7 5. h4 h5 6. Nf3 c6 7. e3 Bf5 8. Bd3 Bxd3 9. Qxd3 Nbd7 10. O-O-O b5 11. b3 b4 12. Na4 Ne4 13. Rdf1 Qa5 14. Nd2 Nxd2 15. Qxd2 Nb6 16. Bc7 Rc8 17. Bxb6 axb6 18. Kb2 c5 19. c3 bxc3+ 20. Nxc3 c4 21. Ra1 b5 22. Qc2 b4 23. Na4 Ra8 24. f4 O-O 25. Nc5 Qxc5 0-1

[Event "Slovakian-ch Youth 2022"]
[Site "Lubovna"]
[Date "2022.05.25"]
[Round "6.6"]
[White "Vadila, Ondrej"]
[Black "Priechodsky, Radovan"]
[Result "1/2-1/2"]
[ECO "D02"]
[WhiteElo "2082"]
[BlackElo "1965"]
[Annotator "TA"]
[PlyCount "32"]
[EventDate "2022.05.22"]
[EventCountry "SVK"]
[SourceTitle "playchess.com"]
[Source "ChessBase"]
[SourceQuality "1"]
[TimeControl "40/5400+30:1800+30"]

1. d4 d5 2. Bf4 c5 3. e3 Nc6 4. Nf3 Nf6 5. Nbd2 e6 6. c3 Bd6 7. Bg3 O-O 8. Bd3 cxd4 9. exd4 {[%emt 0:00:22] D02: 1 d4 d5 2 Nf3 sidelines, including 2...Nf6 3 g3 and 2...Nf6 3 Bf4.} Rb8 10. Qe2 a6 11. Ne5 {[%emt 0:13:14] White is slightly better.} Qc7 12. f4 {[%emt 0:09:12] [#] White is more active.} ({White should try} 12. O-O $14) 12... g6 $146 ({Predecessor:} 12... b5 13. Bh4 Be7 14. g4 Nd7 15. Bg3 Ndxe5 16. fxe5 b4 17. O-O bxc3 18. bxc3 Qa5 {1-0 (44) Melaugh,G (2029)-Nolan,C (1935) Dublin 2018}) 13. Qe3 Nh5 $1 {[%emt 0:12:08] Black is slightly better.} 14. O-O f6 15. Ng4 Bd7 16. Qf3 Kg7 {[%emt 0:04:49] White did not feel at home in the position after the opening.  Weighted Error Value: White=0.23 (precise) /Black=0.09 (flawless)} 1/2-1/2

[Event "Slovakian-ch Youth 2022"]
[Site "Lubovna"]
[Date "2022.05.25"]
[Round "6.6"]
[White "Magda, Filip"]
[Black "Ammer, Erik"]
[Result "1-0"]
[ECO "C44"]
[WhiteElo "1624"]
[BlackElo "1320"]
[Annotator "NA RC COMBH"]
[PlyCount "107"]
[EventDate "2022.05.22"]
[EventCountry "SVK"]
[SourceTitle "playchess.com"]
[Source "ChessBase"]
[SourceQuality "1"]
[TimeControl "40/5400+30:1800+30"]

1. e4 e5 2. Nf3 Nc6 3. d4 exd4 4. Nxd4 Nxd4 5. Qxd4 d6 6. Nc3 Nf6 7. Bf4 Be6 8. O-O-O Qe7 9. Bb5+ Bd7 10. Bxd7+ Qxd7 11. Rhe1 c5 12. Qd3 O-O-O 13. Nb5 a6 14. Nxd6+ Bxd6 15. Qxd6 Qxd6 16. Rxd6 Rhe8 17. Rxd8+ Kxd8 18. Bg5 Re6 19. e5 h6 20. Rd1+ Kc7 21. exf6 hxg5 22. fxg7 Rg6 23. g8=Q Rxg8 24. Rd5 b6 25. Rf5 Rg7 26. Rf6 g4 27. Rh6 f5 28. Rf6 Rg5 29. g3 Rh5 30. Kd2 b5 31. Rxa6 Rxh2 32. Ke3 Rh1 33. Rf6 Rb1 34. Rxf5 Rxb2 35. Rxc5+ Kd6 36. Rg5 Rxc2 37. Rxb5 Rxa2 38. Rb4 Ra3+ 39. Ke2 Ke5 40. Rxg4 Kf5 41. Rd4 Kg5 42. f3 Kf5 43. Rd5+ Ke6 44. Rd3 Ra2+ 45. Ke3 Ke5 46. g4 Ra4 47. f4+ Rxf4 48. Rd5+ Kxd5 49. Kxf4 Ke6 50. Kg5 Ke7 51. Kg6 Ke6 52. g5 Ke7 53. Kh7 Kf7 54. g6+ 1-0

[Event "Slovakian-ch Youth 2022"]
[Site "Lubovna"]
[Date "2022.05.25"]
[Round "6.7"]
[White "Chlpek, Daniel"]
[Black "Kapec, Kristian"]
[Result "1/2-1/2"]
[ECO "C42"]
[WhiteElo "2030"]
[BlackElo "1902"]
[Annotator "TA"]
[PlyCount "24"]
[EventDate "2022.05.22"]
[EventCountry "SVK"]
[SourceTitle "playchess.com"]
[Source "ChessBase"]
[SourceQuality "1"]
[TimeControl "40/5400+30:1800+30"]

1. e4 e5 2. Nf3 Nf6 3. Nxe5 d6 4. Nf3 Nxe4 5. Nc3 Nxc3 6. dxc3 Nc6 7. Be3 {[%emt 0:01:56] C42: Petroff Defence: 3 Nxe5 and unusual White 3rd moves.} Be6 8. Be2 Be7 {[%emt 0:00:13] The position is equal.} 9. Nd4 Nxd4 10. cxd4 d5 11. O-O O-O 12. Bd3 {[%emt 0:00:14] [#]} Bd6 $146 {[%emt 0:00:36] Not much happened in this game.  Weighted Error Value: White=0.06 (flawless) /Black=0.03 (flawless)} ({Predecessor:} 12... Qd7 13. c3 c6 14. Qc2 h6 15. Rfe1 Bf6 16. Bf4 Rfe8 17. h3 Re7 18. Re3 Rae8 19. Rf3 Bg5 20. Qd2 Bxf4 21. Qxf4 Qc8 22. Rg3 Kh8 23. Qe5 Bg4 24. Qf4 {½-½ (24) Watrin,J (1592)-Gehle,P (1497) Osnabrueck 2010}) 1/2-1/2

[Event "Slovakian-ch Youth 2022"]
[Site "Lubovna"]
[Date "2022.05.25"]
[Round "6.7"]
[White "Paholok, Adam"]
[Black "Visvader, Kristof"]
[Result "1-0"]
[ECO "B12"]
[WhiteElo "1449"]
[BlackElo "1607"]
[Annotator "NA RC COMBH"]
[PlyCount "115"]
[EventDate "2022.05.22"]
[EventCountry "SVK"]
[SourceTitle "playchess.com"]
[Source "ChessBase"]
[SourceQuality "1"]
[TimeControl "40/5400+30:1800+30"]

1. e4 c6 2. d4 d5 3. f3 e6 4. Bf4 Qb6 5. b3 Nf6 6. e5 Nfd7 7. Be3 Nxe5 8. Qd2 Ned7 9. Bd3 c5 10. c3 Nc6 11. Ne2 cxd4 12. Nxd4 Bc5 13. Nc2 Bxe3 14. Nxe3 d4 15. Nc4 dxc3 16. Nxc3 Qc7 17. Nb5 Qd8 18. Nbd6+ Kf8 19. O-O Nce5 20. Be4 Nxc4 21. Nxc4 Qe7 22. Rad1 Nf6 23. Qd8+ Qxd8 24. Rxd8+ Ne8 25. Nd6 Ke7 26. Rxc8 Nxd6 27. Rc7+ Kf6 28. Bxb7 Nxb7 29. Rxb7 Rhb8 30. Rd7 Rd8 31. Rfd1 Rxd7 32. Rxd7 a5 33. Rd4 Ra7 34. Ra4 Ke7 35. b4 Rb7 36. bxa5 Kd6 37. Kf2 Kc5 38. Kg3 Kb5 39. a6 Ra7 40. Ra3 Rxa6 41. Rxa6 Kxa6 42. Kf4 f6 43. Ke4 Kb5 44. Kd4 h5 45. f4 Kb4 46. g3 Kb5 47. h3 Kc6 48. a4 Kb6 49. g4 hxg4 50. hxg4 Kc6 51. a5 Kb5 52. g5 Kc6 53. g6 Kb5 54. a6 Kxa6 55. Kc5 Kb7 56. Kd6 e5 57. fxe5 fxe5 58. Kxe5 1-0

[Event "Slovakian-ch Youth 2022"]
[Site "Lubovna"]
[Date "2022.05.25"]
[Round "6.8"]
[White "Bidulsky, Matej"]
[Black "Petrek, Dominik"]
[Result "1/2-1/2"]
[ECO "C01"]
[WhiteElo "1800"]
[BlackElo "2110"]
[Annotator "TA"]
[PlyCount "112"]
[EventDate "2022.05.22"]
[EventCountry "SVK"]
[SourceTitle "playchess.com"]
[Source "ChessBase"]
[SourceQuality "1"]
[TimeControl "40/5400+30:1800+30"]

1. e4 e6 2. d4 d5 3. exd5 exd5 4. Nc3 c6 5. Bd3 Bd6 6. Nf3 {[%emt 0:00:24] C01: French: Exchange Variation.} Qc7 7. Ne2 Ne7 8. Be3 Bf5 9. Ng3 {[%emt 0:01:07] [#]} Bxd3 $146 ({Predecessor:} 9... Bg6 10. c3 Nd7 11. Qc2 O-O-O 12. O-O-O Rde8 13. Rde1 Kb8 14. Kb1 Rhf8 15. Nf5 Nxf5 16. Bxf5 {½-½ (41) Schum,P (1279)-Barrmeyer,K (1628) Borkum 2004}) 10. Qxd3 Qa5+ 11. c3 Qa6 12. Qxa6 Nxa6 13. Ne2 Ng6 14. h4 h5 15. Kd2 Nc7 16. Ng3 (16. Ne1 $11) 16... Bxg3 $15 17. fxg3 f6 18. Ng1 Kd7 19. Nh3 Rae8 20. Nf4 Nxf4 21. Bxf4 Ne6 22. Rae1 g6 23. Re2 Rh7 24. Rhe1 Rhe7 25. b3 Ng7 (25... a6 {keeps more tension.} 26. Kd3 Nd8 27. Bc1 Rxe2 28. Rxe2 Rxe2 29. Kxe2 Ke6) 26. Rxe7+ Rxe7 27. Rxe7+ Kxe7 $11 {[%emt 0:00:09][%mdl 4096] Endgame KB-KN} 28. Ke3 Ke6 29. Bb8 a6 30. Kf4 Nf5 31. Bc7 Nh6 32. Bb8 Ng4 33. Bc7 Kd7 34. Bb6 Kc8 35. c4 Kd7 36. a4 Ke6 37. a5 Nf2 38. Bd8 Ne4 (38... Nd3+ $15 39. Ke3 dxc4) 39. g4 hxg4 40. Kxg4 {[%emt 0:01:48] [#]} (40. cxd5+ $1 $11 Kxd5 41. Kxg4) 40... Nd2 (40... Kd7 $1 $17 41. Bb6 dxc4 42. bxc4 Nd6) 41. cxd5+ {[%emt 0:30:11] The position is equal.} cxd5 42. b4 Ne4 43. Kf4 Nd6 {[%emt 0:00:00] Threatens to win with ...Nf5.} 44. g4 {[%emt 0:00:00] Prevents Nf5.} Nf7 45. Bc7 g5+ 46. Kg3 $1 gxh4+ 47. Kxh4 Ng5 {[%emt 0:00:00] [#] ...Nf3+ is the strong threat.} 48. Bb6 Ne4 49. Kh5 f5 {[%emt 0:00:00] Hoping for ...Nf2.} 50. g5 {[%emt 0:00:00] Strongly threatening Bc7.} f4 {[%emt 0:00:00] ( -> ...f3)} 51. Kg4 Nxg5 {[%emt 0:00:00][%cal Of4f3] White must now prevent ...f3!} 52. Kxf4 ({But not} 52. Kxg5 $2 f3 53. Kg4 f2 $19) 52... Ne4 53. Bc5 Kd7 54. Ke5 Kc6 55. Ke6 Nf2 56. Ke5 Nd3+ {[%emt 0:04:44] Weighted Error Value: White=0.10 (very precise) /Black=0.08 (flawless)} 1/2-1/2

[Event "Slovakian-ch Youth 2022"]
[Site "Lubovna"]
[Date "2022.05.25"]
[Round "6.8"]
[White "Tokarcik, Jan"]
[Black "Pongo, Aron"]
[Result "1-0"]
[ECO "C01"]
[WhiteElo "1313"]
[BlackElo "1566"]
[Annotator "NA RC COMBH"]
[PlyCount "71"]
[EventDate "2022.05.22"]
[EventCountry "SVK"]
[SourceTitle "playchess.com"]
[Source "ChessBase"]
[SourceQuality "1"]
[TimeControl "40/5400+30:1800+30"]

1. e4 e6 2. d4 d5 3. exd5 exd5 4. c4 Nf6 5. Nf3 Nbd7 6. Nc3 dxc4 7. Bxc4 Nb6 8. Bb3 Be7 9. O-O O-O 10. Bf4 Bg4 11. h3 Bh5 12. Rc1 c6 13. Qd3 Bg6 14. Qe3 Re8 15. Ne5 Bb4 16. Rfd1 a5 17. a3 Bxc3 18. bxc3 a4 19. Ba2 Nbd5 20. Bxd5 Qxd5 21. c4 Qa5 22. Qc3 Qa6 23. Nxg6 hxg6 24. Re1 Nd7 25. Qb4 Nb6 26. Rxe8+ Rxe8 27. Bc7 Nd7 28. Rb1 Nf8 29. c5 Re7 30. Bd6 Rd7 31. Qb6 Qd3 32. Qb4 Ne6 33. Re1 Nxd4 34. Re8+ Kh7 35. Qxa4 Nb5 36. Qh4# 1-0

[Event "Slovakian-ch Youth 2022"]
[Site "Lubovna"]
[Date "2022.05.25"]
[Round "6.9"]
[White "Cedzo, Adam"]
[Black "Beres, Tomas"]
[Result "1/2-1/2"]
[ECO "A40"]
[WhiteElo "1869"]
[BlackElo "2059"]
[Annotator "TA"]
[PlyCount "48"]
[EventDate "2022.05.22"]
[EventCountry "SVK"]
[SourceTitle "playchess.com"]
[Source "ChessBase"]
[SourceQuality "1"]
[TimeControl "40/5400+30:1800+30"]

1. e4 b6 2. d4 Bb7 3. Bd3 e6 4. c4 Nf6 5. Qc2 {[%emt 0:00:48] [#]} Nc6 $1 6. d5 {[%emt 0:01:56] A40: Unusual replies to 1 d4.} Nb4 {[%emt 0:01:12] [#]} 7. Qd1 $146 ({Predecessor:} 7. Qe2 Nxd3+ 8. Qxd3 Bc5 9. Nf3 exd5 10. cxd5 a5 11. Bg5 h6 12. Bh4 Qe7 13. Nbd2 {0-1 (31) Riemer Nlula,M (1825)-Froehlich Dill,A (1813) Germany 2017}) 7... Bc5 8. Nf3 {[%emt 0:01:13] Black is better.} exd5 9. exd5 Qe7+ ({Black should try} 9... Nxd3+ $17 10. Qxd3 Qe7+ 11. Be3 Ng4) 10. Be2 $11 a5 11. O-O O-O 12. a3 Na6 13. Nc3 Rfe8 14. Bd3 h6 {[%emt 0:02:16] Inhibits Bg5.} (14... Qd6 $14) 15. Re1 (15. Nh4 $16) 15... Qf8 16. Bf4 Rxe1+ 17. Qxe1 Re8 18. Qd2 Bd6 19. Bxd6 {[%emt 0:02:18] White is more active.} Qxd6 20. Re1 (20. Nd4 {looks sharper.} Ng4 21. g3 Qe7 22. Bc2) 20... Rxe1+ 21. Qxe1 Nc5 22. Bc2 c6 {[%emt 0:01:50] Against Nb5} 23. dxc6 Bxc6 24. Qe5 Qxe5 {[%emt 0:00:43] Weighted Error Value: White=0.13 (very precise) /Black=0.20 (precise)} 1/2-1/2

[Event "Slovakian-ch Youth 2022"]
[Site "Lubovna"]
[Date "2022.05.25"]
[Round "6.9"]
[White "Hasala, Richard"]
[Black "Toth, Marton"]
[Result "0-1"]
[ECO "B54"]
[WhiteElo "1318"]
[BlackElo "1849"]
[Annotator "NA RC COMBH"]
[PlyCount "56"]
[EventDate "2022.05.22"]
[EventCountry "SVK"]
[SourceTitle "playchess.com"]
[Source "ChessBase"]
[SourceQuality "1"]
[TimeControl "40/5400+30:1800+30"]

1. e4 c5 2. Nf3 d6 3. d4 cxd4 4. Nxd4 Nf6 5. f3 g6 6. Nc3 Bg7 7. Bb5+ Nbd7 8. a4 O-O 9. Be3 a6 10. Bc4 Ne5 11. Bb3 e6 12. O-O Nc6 13. Qd2 Re8 14. Rad1 Nxd4 15. Qxd4 Ng4 16. Qd2 Nxe3 17. Qxe3 Qc7 18. Rd3 Bd7 19. Rfd1 Bf8 20. Qg5 Be7 21. Qg3 b5 22. axb5 axb5 23. Kh1 b4 24. Ne2 Bb5 25. R3d2 Bxe2 26. Rxe2 Bf6 27. Qxd6 Qxd6 28. Rxd6 Ra1+ 0-1

[Event "Slovakian-ch Youth 2022"]
[Site "Lubovna"]
[Date "2022.05.25"]
[Round "6.10"]
[White "Hudak, Jan"]
[Black "Gourlay, Martin B"]
[Result "1-0"]
[ECO "B10"]
[WhiteElo "1688"]
[BlackElo "1911"]
[Annotator "TA"]
[PlyCount "39"]
[EventDate "2022.05.22"]
[EventCountry "SVK"]
[SourceTitle "playchess.com"]
[Source "ChessBase"]
[SourceQuality "1"]
[TimeControl "40/5400+30:1800+30"]

1. e4 c6 2. Nc3 d5 3. Nf3 g6 4. d4 e6 5. Be3 Nd7 {[%emt 0:00:41] [#]} 6. Be2 $146 {[%emt 0:00:36] White is more active. B15: Caro-Kann: 3 Nc3: 3...g6 and 3...dxe4 4 Nxe4 Nf6 5 Nxf6+ exf6.} ({Predecessor:} 6. Bd3 a6 7. Qe2 b5 8. O-O Bb4 9. a3 Bxc3 10. bxc3 Bb7 11. Ng5 Nb6 12. Rfe1 {1-0 (39) Bernath,R (2170)-Lorincz,K (2040) Hajduszoboszlo 1999}) 6... c5 $2 ({Better is} 6... dxe4 $14 7. Nxe4 Ngf6) 7. exd5 $18 exd5 8. Nxd5 {[%emt 0:01:44] [#] Hoping for Bf4. White has a decisive advantage.} cxd4 $2 (8... Ngf6) 9. Bxd4 {[%emt 0:01:06] White is clearly winning.} Ngf6 10. Nxf6+ Nxf6 11. Bb5+ Bd7 12. Bxf6 Qa5+ 13. Qd2 Qxd2+ 14. Nxd2 {[%emt 0:00:55] [#] And now Bxd7+ would win.} Rg8 15. Bxd7+ Kxd7 16. O-O-O Bh6 17. Kb1 Kc7 18. Nc4 Bg7 19. Bxg7 Rxg7 20. Rhe1 {[%emt 0:00:38] White took control after the opening.  Weighted Error Value: White=0.15 (very precise) /Black=1.14} 1-0

[Event "Slovakian-ch Youth 2022"]
[Site "Lubovna"]
[Date "2022.05.25"]
[Round "6.10"]
[White "Sokolovsky, Jakub"]
[Black "Kostelansky, Karol"]
[Result "1/2-1/2"]
[ECO "B12"]
[WhiteElo "1613"]
[BlackElo "1821"]
[Annotator "NA COMBH"]
[PlyCount "36"]
[EventDate "2022.05.22"]
[EventCountry "SVK"]
[SourceTitle "playchess.com"]
[Source "ChessBase"]
[SourceQuality "1"]
[TimeControl "40/5400+30:1800+30"]

1. e4 c6 2. d4 d5 3. e5 Bf5 4. h4 h5 5. Nf3 e6 6. Bd3 Bxd3 7. Qxd3 Qa5+ 8. c3 Qa6 9. Qxa6 Nxa6 10. O-O Ne7 11. Bg5 Nf5 12. b4 Be7 13. Nbd2 Bxg5 14. hxg5 O-O 15. a4 Rfc8 16. Nb3 g6 17. Ra3 b6 18. Rfa1 Nc7 1/2-1/2

[Event "Slovakian-ch Youth 2022"]
[Site "Lubovna"]
[Date "2022.05.25"]
[Round "6.11"]
[White "Kuna, Patrik"]
[Black "Kostura, Daniel"]
[Result "1-0"]
[ECO "A00"]
[WhiteElo "1811"]
[BlackElo "1510"]
[Annotator "NA COMBH"]
[PlyCount "31"]
[EventDate "2022.05.22"]
[EventCountry "SVK"]
[SourceTitle "playchess.com"]
[Source "ChessBase"]
[SourceQuality "1"]
[TimeControl "40/5400+30:1800+30"]

1. b4 Nf6 2. Bb2 e6 3. a3 b6 4. Nf3 Bb7 5. e3 Be7 6. Be2 O-O 7. O-O Nd5 8. c4 Bf6 9. d4 Ne7 10. Nbd2 d6 11. Qb3 Nd7 12. Rfd1 c5 13. Nf1 Qc7 14. Ng3 g6 15. dxc5 Bxb2 16. cxd6 1-0